 Dungeon Crawl Stone Soup version 0.32-a0-687-g804251a (webtiles) character file.

Game seed: 1711615297959192124

8096 Dorkslayer the Grappler (level 11, -2/72 HPs)
             Began as an Octopode Fighter on Mar 12, 2024.
             Was a Priest of Dithmenos.
             Slain by a hornet (9 damage)
             ... on level 9 of the Dungeon.
             The game lasted 00:25:28 (7891 turns).

Dorkslayer the Grappler (Octopode Fighter)          Turns: 7891, Time: 00:25:29

Health: -2/72      AC:  5    Str: 21    XL:     11   Next: 25%
Magic:  20/20      EV: 13    Int: 10    God:    Dithmenos [***...]
Gold:   1356       SH:  9    Dex: 11    Spells: 10/10 levels left

rFire   . .          .
                       - Unarmed
rCold   . . .        F - +0 kite shield
rNeg    + . .        (helmet restricted)
rPois   .            E - amulet of magic regeneration
rElec   .            o - +4 ring of protection
rCorr   .            w - ring of positive energy
SInv    .            i - ring of magical power
Will    .....        (no ring)
Stlth   +++++++      (no ring)
HPRegen 0.32/turn    (no ring)
MPRegen 0.57/turn    (no ring)
                     (no ring)

%: no passive effects
@: lethally poisoned (-2 -> -20), slowed, wreathed by umbra, very slow
A: almost no armour, amphibious, 8 rings, camouflage 1, gelatinous body 1,
(nimble swimmer 1), tentacles
a: Renounce Religion, Shadow Step


You were on level 9 of the Dungeon.
You worshipped Dithmenos.
Dithmenos was most pleased with you.
You visited 2 branches of the dungeon, and saw 10 of its levels.
You also visited: Bailey.

You collected 1356 gold pieces.

Inventory:

Hand Weapons
 a - a +5 morningstar
 g - a +3 war axe
 l - a +0 broad axe
 t - a +2 spear of flaming
 v - the +9 hand axe "Arbiter" {flame, Fly rC+}
   (You found it in a bailey)

   rC+:       It protects you from cold.
   Fly:       It grants you flight.
Armour
 F - a +0 kite shield (worn)
Jewellery
 i - a ring of magical power (on tentacle)
 o - a +4 ring of protection (left tentacle)
 s - a ring of ice
 w - a ring of positive energy (right tentacle)
 E - an amulet of magic regeneration (around mantle)
Talismans
 C - a blade talisman
Wands
 j - a wand of polymorph (10)
 n - a wand of digging (8)
 A - a wand of paralysis (6)
 B - a wand of roots (2)
Scrolls
 c - 7 scrolls of teleportation
 r - a scroll of enchant armour
 y - a scroll of silence
Potions
 b - a potion of heal wounds {unknown}
 d - 4 potions of enlightenment
 e - a potion of attraction {unknown}
 f - a potion of mutation {unknown}
 h - 3 potions of curing
 k - a potion of resistance
 m - a potion of haste
 p - 2 potions of magic
 u - a potion of brilliance {unknown}
 x - a potion of degeneration {unknown}
 z - a potion of cancellation {unknown}
 D - a potion of might
 G - a potion of ambrosia {unknown}


   Skills:
 * Level 5.4 Fighting
 * Level 3.7 Axes
 * Level 5.7 Dodging
 + Level 9.0 Stealth
 * Level 5.6 Shields
 * Level 11.6 Unarmed Combat
 * Level 5.1 Evocations
 * Level 3.3 Shapeshifting


You had 10 spell levels left.
You didn't know any spells.
Your spell library contained the following spells:

 Spells                   Type           Power      Damage    Failure   Level
 Sublimation of Blood     Necr           0%         N/A       77%         2
 Dazzling Flash           Conj/Hex       0%         N/A       94%         3
 Hailstorm                Conj/Ice       0%         3d5       94%         3
 Summon Ice Beast         Ice/Summ       0%         N/A       94%         3
 Volatile Blastmotes      Fire/Tloc      0%         2d10      94%         3
 Fulminant Prism          Conj/Alch      0%         3d5       100%        4
 Iskenderun's Mystic Bla  Conj/Tloc      0%         2d3       100%        4
 Passage of Golubria      Tloc           0%         N/A       100%        4
 Silence                  Hex/Air        0%         N/A       100%        5
 Death Channel            Necr           0%         N/A       100%        6
 Permafrost Eruption      Ice/Erth       0%         2x4d2     100%        6
 Sculpt Simulacrum        Ice/Alch       0%         N/A       100%        6
 Starburst                Conj/Fire      0%         6d3       100%        6
 Infestation              Necr           0%         N/A       100%        8
 Lehudib's Crystal Spear  Conj/Erth      0%         10d2      100%        8
 Maxwell's Capacitive Co  Air            0%         ∞         100%        8


Dungeon Overview and Level Annotations

Branches:
Dungeon (9/15)             Temple (1/1) D:5            Lair (0/5) D:9
 Bailey (visited)
    Orc: D:9-12

Altars:
Ashenzari
Cheibriados
Dithmenos
Elyvilon
Fedhas
Gozag
Hepliaklqana
Kikubaaqudgha
Makhleb
Nemelex Xobeh
Okawaru
Qazlal
Ru
Sif Muna
Trog
Uskayaw
Vehumet
Wu Jian
Xom
Yredelemnul
Zin
The Shining One

Annotations:
Temple 2 transporters


Innate Abilities, Weirdness & Mutations

You cannot wear most types of armour.
You are amphibious.
You can wear up to eight rings at the same time.
Your skin changes colour to match your surroundings (Stealth+).
Your rubbery body absorbs attacks. (AC +1, EV +1)
((You are camouflaged when in or above water. (Stealth+)))
You have tentacles for arms and can constrict up to eight enemies at once.


Message History

A hornet comes into view.
There is an open door here.
Found a stone staircase leading down.
You block the hornet's attack. The hornet stings you!
You feel yourself slow down.
You barely miss the hornet. Your grab misses the hornet.
You block the hornet's attack. The hornet misses you.
You miss the hornet. Your grab misses the hornet.
You block the hornet's attack. The hornet barely misses you.
You tentacle-slap the hornet. Your grab misses the hornet.
Your squeeze misses the hornet.
The hornet is lightly wounded.
You feel yourself speed up. The hornet stings you.
You are poisoned.
You suddenly lose the ability to move!
The hornet stings you but does no damage.
You feel sick.
The hornet stings you but does no damage.
The hornet stings you!
You feel yourself slow down.
You feel sick. The hornet stings you!
You are more poisoned.
You feel as though you will be slow longer.
You can move again.
You completely miss the hornet. Your grab misses the hornet.
The hornet is lightly wounded.
You feel very sick. The hornet barely misses you. The hornet stings you!
* * * LOW HITPOINT WARNING * * *
You feel as though you will be slow longer.
Unknown command.
You batter the hornet!! Your grab misses the hornet.
The hornet is severely wounded.
You feel very sick. The hornet stings you!
* * * LOW HITPOINT WARNING * * *
You are more poisoned.
You feel as though you will be slow longer.
The hornet stings you!
You die...

#...........####
#.....
#...#......#
#.....
#...#......#
#.....
#...#...#..#
#.....
#...#...#..#
#..... #...'...#
.# #.....
###.##'##..#
..... #........#
..... #...@....#
#...y.......
#...........
#...........
#...........
#...........
#..........>
#...########


You could see a hornet.

Vanquished Creatures
  An orc knight (Bailey)
  Pikel (D:7)
  2 kobold demonologists (Bailey)
  A hornet (D:8)
  Grinder (D:3)
  Sigmund (D:4)
  3 wyverns
  A shadow (D:9)
  8 yaks
  A basilisk (D:9)
  4 water moccasins
  13 orc warriors
  2 black bears
  A centaur (D:7)
  An ogre (D:6)
  A lemure (D:7)
  2 phantoms
  A kobold brigand (D:7)
  3 bullfrogs (D:7)
  4 scorpions
  5 wights (D:8)
  4 killer bees (D:9)
  6 electric eels (Bailey)
  2 jellies
  2 bombardier beetles
  4 orc priests (D:6)
  4 hounds
  Jessica (D:2)
  3 iguanas
  Terence (D:3)
  6 orc wizards
  Natasha (thrice) (D:3)
  10 gnolls
  8 adders
  A shadow imp (D:6)
  2 white imps
  2 ufetubi (D:5)
  3 dart slugs
  3 ribbon worms
  32 orcs
  4 endoplasms
  2 giant cockroaches (D:1)
  10 goblins
  20 hobgoblins
  3 jackals (D:2)
  11 kobolds
  2 quokkas
  8 ball pythons
  6 bats
  5 frilled lizards
  3 rats
228 creatures vanquished.

Notes
Turn   | Place    | Note
-------+----------+-------------------------------------------
     0 | D:1      | Dorkslayer the Octopode Fighter began the quest for the
                  | Orb.
     0 | D:1      | Reached XP level 1. HP: 16/16 MP: 1/1
   198 | D:1      | Reached XP level 2. HP: 15/21 MP: 2/2
   622 | D:1      | Reached skill level 1 in Stealth
   622 | D:1      | Reached XP level 3. HP: 26/26 MP: 3/3
   952 | D:2      | Noticed Jessica
   959 | D:2      | Killed Jessica
   960 | D:2      | Reached skill level 3 in Unarmed Combat
   960 | D:2      | Reached XP level 4. HP: 31/31 MP: 4/4
  1205 | D:2      | Reached XP level 5. HP: 36/36 MP: 5/5
  1371 | D:3      | Noticed Terence
  1381 | D:3      | Killed Terence
  1389 | D:3      | Reached skill level 4 in Unarmed Combat
  1437 | D:3      | Reached XP level 6. HP: 34/42 MP: 6/6
  1499 | D:3      | Noticed Grinder
  1516 | D:3      | Killed Grinder
  1517 | D:3      | Reached skill level 5 in Unarmed Combat
  1599 | D:3      | Noticed Natasha
  1607 | D:3      | Killed Natasha
  1608 | D:3      | Reached XP level 7. HP: 46/46 MP: 7/7
  1802 | D:3      | Noticed Natasha
  1836 | D:3      | Killed Natasha
  1857 | D:3      | Noticed Natasha
  1867 | D:3      | Killed Natasha
  1966 | D:3      | Found a faded altar of an unknown god.
  2454 | D:4      | Noticed Sigmund
  2460 | D:4      | Killed Sigmund
  2461 | D:4      | Reached skill level 5 in Stealth
  2461 | D:4      | Reached skill level 6 in Unarmed Combat
  2714 | D:4      | Reached skill level 1 in Evocations
  2755 | D:4      | Reached XP level 8. HP: 46/52 MP: 8/8
  3076 | D:5      | Entered Level 5 of the Dungeon
  3153 | D:5      | Reached skill level 7 in Unarmed Combat
  3200 | D:5      | Found a staircase to the Ecumenical Temple.
  3210 | Temple   | Found a transporter.
  3210 | Temple   | Found a transporter.
  3210 | Temple   | Found a transporter.
  3210 | Temple   | Found a transporter.
  3210 | Temple   | Entered the Ecumenical Temple
  3228 | Temple   | Became a worshipper of Dithmenos the Shadowed
  4451 | D:6      | Reached skill level 8 in Unarmed Combat
  4461 | D:6      | Reached * piety under Dithmenos
  4684 | D:6      | Reached XP level 9. HP: 58/58 MP: 9/9
  4888 | D:7      | Reached skill level 1 in Axes
  4901 | D:7      | Noticed Pikel
  4909 | D:7      | Killed Pikel
  4910 | D:7      | Reached skill level 9 in Unarmed Combat
  4910 | D:7      | Reached skill level 1 in Shapeshifting
  4974 | D:7      | Found a broken altar of Ashenzari.
  5230 | D:8      | Found a stormy altar of Qazlal.
  5251 | D:8      | Found a snail-covered altar of Cheibriados.
  5276 | D:8      | Found a flagged portal.
  5285 | Bailey   | Entered a bailey
  5366 | Bailey   | Noticed a kobold demonologist
  5375 | Bailey   | Killed a kobold demonologist
  5383 | Bailey   | Reached ** piety under Dithmenos
  5401 | Bailey   | Reached XP level 10. HP: 58/65 MP: 10/10
  5473 | Bailey   | HP: 3/65 [electric eel/bolt of electricity (3)]
  5478 | Bailey   | Reached skill level 10 in Unarmed Combat
  5759 | Bailey   | Noticed an orc knight
  5775 | Bailey   | Killed an orc knight
  5848 | Bailey   | Acquired 825 gold pieces
  5921 | Bailey   | Reached skill level 5 in Shields
  5922 | Bailey   | Reached skill level 5 in Dodging
  6002 | Bailey   | Found an iron altar of Okawaru.
  6002 | Bailey   | Noticed a kobold demonologist
  6011 | Bailey   | Reached *** piety under Dithmenos
  6017 | Bailey   | Noticed a rust devil
  6017 | Bailey   | Killed a kobold demonologist
  6034 | Bailey   | Identified the +9 hand axe "Arbiter" {flame, Fly rC+}
  6048 | Bailey   | Got Borgnjor's Discourse on Shadows
  6332 | D:8      | Reached skill level 5 in Fighting
  6672 | D:8      | Reached skill level 11 in Unarmed Combat
  6937 | D:9      | Reached XP level 11. HP: 67/72 MP: 11/11
  6953 | D:9      | Found a staircase to the Lair.
  7074 | D:9      | Reached skill level 5 in Evocations
  7887 | D:9      | Paralysed by a hornet for 3 turns
  7891 | D:9      | Slain by a hornet

Illustrated notes

Levels and vault maps discovered:
D:1:      spicycebolla_arrival_xxxplode, layout_basic
D:2:      layout_loops_cross, uniq_jessica
D:3:      minmay_door_path, layout_loops_ring, shapermc_ecumenical_altar_gd,
          uniq_terence, uniq_natasha, uniq_grinder
D:4:      layout_basic, minmay_mini_jars, uniq_sigmund
D:5:      minmay_general_purpose_star, layout_basic,
          minmay_temple_entry_glassed_door, chequers_serial_rivers_room_b,
          grunt_ministairs_4, skrybe_limestone_x
D:6:      layout_loops_corners
D:7:      layout_rooms, amcnicky_altar_gilded, uniq_pikel
D:8:      layout_loops_ring, grunt_qazlal_sundering,
          mainiacjoe_overflow_boulevard, enter_bailey_2
D:9:      layout_irregular_city, minmay_lair_entry_grove, minmay_holes,
          nicolae_letterblocks [nicolae_letter_subblock,
          nicolae_letter_subblock, nicolae_letter_subblock,
          nicolae_letter_subblock, nicolae_letter_subblock,
          nicolae_letter_subblock, nicolae_letter_subblock,
          nicolae_letter_subblock, nicolae_letter_subblock,
          nicolae_letter_subblock, nicolae_letter_subblock,
          nicolae_letter_subblock, nicolae_letter_subblock,
          nicolae_letter_subblock, nicolae_letter_subblock,
          nicolae_letter_subblock, nicolae_letter_subblock,
          nicolae_letter_subblock, nicolae_letter_subblock,
          nicolae_letter_subblock, nicolae_letter_subblock,
          nicolae_letter_subblock, nicolae_letter_subblock,
          nicolae_letter_subblock, nicolae_letter_subblock], uniq_maggie
Temple:   hellmonk_temple_divided_pantheon

Skill      XL: |  1  2  3  4  5  6  7  8  9 10 11 |
---------------+----------------------------------+-----
Stealth        | 1 2 4 5 7 8 9 |  9.0
Unarmed Combat | 3 4 5 6 8 9 11 | 11.6
Evocations     | 1 2 3 4 5 |  5.1
Dodging        | 4 5 |  5.7
Shields        | 4 5 |  5.6
Axes           | 2 3 |  3.7
Fighting       | 4 5 |  5.4
Shapeshifting  | 2 3 |  3.3

Action                     |  1- 3 |  4- 6 |  7- 9 | 10-12 || total
---------------------------+-------+-------+-------+-------++-------
  Melee: Unarmed           |    50 |    63 |   190 |   213 ||   516
         Tentacles         |    10 |    16 |    48 |    51 ||   125
         Constrict         |    17 |    20 |    49 |    39 ||   125
         Punch             |       |     2 |    10 |    12 ||    24
  Evoke: Wand              |       |       |     5 |     6 ||    11
    Use: Scroll            |       |     5 |    13 |     3 ||    21
         Potion            |       |     1 |     1 |     9 ||    11
   Stab: Sleeping          |    11 |     3 |    17 |     4 ||    35
         Distracted        |       |       |     1 |       ||     1
         Paralysed         |       |       |       |     6 ||     6
 Armour: Skin              |    19 |    21 |    54 |    79 ||   173
  Dodge: Dodged            |    19 |    33 |    75 |    83 ||   210
  Block: Buckler           |     6 |     8 |    37 |     9 ||    60
         Kite shield       |       |       |       |    34 ||    34

Table legend: (Time is in decaauts)
 A = Elapsed time spent in this place.
 B = Non-inter-level travel time spent in this place.
 C = Inter-level travel time spent in this place.
 D = Time resting spent in this place.
 E = Time spent auto-exploring this place.
 F = Levels seen in this place.
 G = Mean time per level.
                   A        B        C        D        E       F      G
               +--------+--------+--------+--------+--------+-----+--------+
         Total |   7790 |   7790 |      0 |    776 |   3489 |  11 |  708.2 |
       Dungeon |   6940 |   6940 |      0 |    563 |   3439 |   9 |  771.1 |
        Temple |     36 |     36 |      0 |      0 |      0 |   1 |   36.0 |
        Bailey |    814 |    814 |      0 |    213 |     50 |   1 |  814.0 |
               +--------+--------+--------+--------+--------+-----+--------+

Top non-repeatable levels by time:
     D:6: 1037 daAuts
     D:3: 990 daAuts
     D:9: 986 daAuts
     D:8: 823 daAuts
  Bailey: 814 daAuts
     D:4: 737 daAuts
     D:1: 680 daAuts
     D:2: 660 daAuts
     D:5: 657 daAuts
     D:7: 366 daAuts
  Temple: 36 daAuts
